 Dungeon Crawl Stone Soup version 0.24.0-5-g267a8d59f4 (webtiles) character file.

Game seed: 8395526469395208078, levelgen mode: deterministic

5601 Aelig the Destroyer (level 11, -3/54 HPs)
             Began as a Kobold Conjurer on Nov 1, 2019.
             Was a Priest of Ashenzari.
             Slain by a troll (13 damage)
             ... on level 10 of the Dungeon.
             The game lasted 00:39:24 (10461 turns).

Aelig the Destroyer (Kobold Conjurer)              Turns: 10461, Time: 00:39:25

Health: -3/54      AC: 10    Str:  5    XL:     11   Next: 3%
Magic:  9/23       EV: 16    Int: 21    God:    Ashenzari [***...]
Gold:   248        SH:  0    Dex: 15    Spells: 7/14 levels left

rFire    + . .     SeeInvis +   z - +4 falchion
rCold    . . .     Gourm    .   (shield restricted)
rNeg     . . .     Faith    .   x - +1 robe {rF+} (curse)
rPois    .         Spirit   .   u - +1 helmet (curse)
rElec    .         Reflect  .   v - +0 cloak (curse)
rCorr    .         Harm     .   y - +2 pair of gloves
MR       .....                  B - +0 pair of boots
Stlth    ++++......             s - amulet of regeneration (curse)
HPRegen  0.58/turn              l - ring of magical power (curse)
MPRegen  0.18/turn              (no ring)

@: no status effects
A: small, carnivore
a: Curse Item, Scrying, Renounce Religion


You were on level 10 of the Dungeon.
You worshipped Ashenzari.
Ashenzari was most pleased with you.
You were very full.

You visited 1 branch of the dungeon, and saw 10 of its levels.

You collected 458 gold pieces.
You spent 210 gold pieces at shops.

Inventory:

Hand Weapons
 z - a +4 falchion (weapon)
Armour
 u - a cursed +1 helmet (worn)
 v - a cursed +0 cloak (worn)
 x - a cursed +1 robe of fire resistance (worn)
 y - a +2 pair of gloves (worn)
 B - a +0 pair of boots (worn)
 D - +0 steam dragon scales
Jewellery
 l - a cursed ring of magical power (left hand)
 s - a cursed amulet of regeneration (around neck)
Scrolls
 g - 4 scrolls of enchant armour
 j - a scroll of magic mapping {unknown}
 k - 4 scrolls of teleportation
 m - a scroll of immolation
 n - a scroll of random uselessness {unknown}
 o - 2 scrolls of enchant weapon
 p - 3 scrolls of amnesia
 q - a scroll of blinking {unknown}
 w - a scroll of fear {unknown}
Potions
 a - a potion of brilliance
 b - 2 potions of cancellation
 e - a potion of heal wounds
 f - 2 potions of flight
 h - 3 potions of agility
 r - a potion of might
 t - 5 potions of curing
 A - 2 potions of resistance
 E - a potion of haste
Comestibles
 c - 16 rations


   Skills:
 - Level 2.4(4.0) Dodging
 + Level 5.4(7.3) Stealth
 - Level 2.1 Spellcasting
 + Level 12.0(13.6) Conjurations
   Level 4.0(5.7) Hexes
 + Level 9.1(10.9) Air Magic


You had 7 spell levels left.
You knew the following spells:

 Your Spells              Type           Power        Failure   Level  Hunger
a - Magic Dart            Conj           ####         1%          1    #......
b - Searing Ray           Conj           ######       1%          2    ##.....
c - Airstrike             Air            #####.....   1%          4    #####..

Your spell library contained the following spells:

 Spells                   Type           Power        Failure   Level  Hunger
 Confusing Touch          Hex            ####..       1%          1    #......
 Shock                    Conj/Air       ####         1%          1    #......
 Dazzling Spray           Conj/Hex       #####.       1%          3    ###....
 Static Discharge         Conj/Air       ######..     1%          3    ###....
 Iskenderun's Mystic Bla  Conj           ######..     1%          4    #####..
 Swiftness                Chrm/Air       ####....     2%          2    ##.....
 Fulminant Prism          Conj/Hex       #####.....   2%          4    #####..
 Lightning Bolt           Conj/Air       ######....   2%          5    ######.
 Force Lance              Conj/Tloc      ####....     9%          4    #####..
 Animate Skeleton         Necr           N/A          13%         1    #......
 Apportation              Tloc           #.....       13%         1    #......
 Infusion                 Chrm           #...         13%         1    #......
 Summon Small Mammal      Summ           #...         13%         1    #......
 Spectral Weapon          Hex/Chrm       ##......     13%         3    ###....
 Summon Guardian Golem    Hex/Summ       ##......     13%         3    ###....
 Summon Lightning Spire   Summ/Air       ####....     14%         4    #####..
 Call Imp                 Summ           #.......     21%         2    ##.....
 Shroud of Golubria       Chrm/Tloc      #.....       21%         2    ##.....
 Song of Slaying          Chrm           #.......     21%         2    ##.....
 Call Canine Familiar     Summ           #.......     36%         3    ###....
 Regeneration             Chrm/Necr      #.........   36%         3    ###....
 Summon Ice Beast         Ice/Summ       #.......     78%         4    #####..


Dungeon Overview and Level Annotations

Branches:
Dungeon (10/15)            Temple (0/1) D:4             Orc (0/2) D:9
   Lair: D:8-11

Altars:
Ashenzari
Gozag
Hepliaklqana
Kikubaaqudgha
Makhleb
Okawaru
Sif Muna
Trog
Uskayaw
Xom
Zin

Shops:
D:6 [

Annotations:
D:4 exclusion: ogre
D:8 Harold, Maurice


Innate Abilities, Weirdness & Mutations

You are small and have problems with some larger weapons.
You are carnivorous and can eat meat at any time.


Message History

You finish channeling your searing ray.
The troll completely misses you.
You riposte.
You barely miss the troll.
The troll is heavily wounded.
The troll claws you! The troll claws you but does no damage.
Casting: Searing Ray (safe; 1% risk of failure)
Confirm with . or Enter, or press ? or * to list all spells.
Aiming: Searing Ray (safe; 1% risk of failure)
Press: ? - help, Shift-Dir - straight line, f/p - troll
Aim: a troll (heavily wounded)
The searing ray hits the troll.
The troll is heavily wounded. (Press . to maintain the ray.)
The orange demon screeches!
The troll bites you! The troll claws you! The troll claws you.
The searing ray hits the troll.
The troll is heavily wounded.
The troll bites you!
* * * LOW HITPOINT WARNING * * *
The troll claws you!
You die...

* * * #W....#y. , ,,
,#..* #......., ** , ,
#..###....... ,
#........... ** *
#..........##. .# ≈ ..,,
..........#4., #.# , .≈..
, .........#...,#.# ,
.≈...##+##.###..##..##.#
,
.≈.....T@.....4..#4.#..##
,
≈≈...#..)#.##.#.........#
** ..#
#...#.##.#.........# *
#...#.......#..#...# ,
.....#####..##..##..#
*#....## *#.#[ .$#..# * ,
, #....# *.#[. )#..# * ,
#....# .##..##..# * ,
#.... ..#..#...#


You could see an orange demon and a troll.

Vanquished Creatures
  2 orange demons (D:10)
  A troll (D:9)
  Grinder (D:3)
  2 wyverns (D:8)
  Sigmund (D:5)
  A hungry ghost (D:7)
  A steam dragon (D:8)
  An ice beast (D:7)
  A phantom (D:6)
  4 orc warriors
  A sky beast (D:5)
  A black bear (D:6)
  4 ogres
  3 crocodiles (D:8)
  2 bullfrogs (D:6)
  A big kobold (D:8)
  2 gnoll sergeants (D:9)
  A wyvern skeleton (D:8)
  3 scorpions
  6 killer bees
  8 wights
  A howler monkey (D:4)
  A crimson imp (D:6)
  3 centaur zombies
  2 gnoll shamans (D:9)
  9 hounds
  An orc priest (D:6)
  4 jellies
  2 bullfrog skeletons
  5 orc wizards
  Terence (D:2)
  2 iguanas
  6 worker ants
  2 hound skeletons
  9 adders
  22 gnolls
  An ooze (D:3)
  An adder zombie (D:9)
  An adder skeleton (D:7)
  2 worms
  4 dart slugs
  A leopard gecko (D:1)
  19 orcs
  3 bats
  4 giant cockroaches
  3 goblins
  6 hobgoblins
  13 jackals
  2 quokkas
  4 ball pythons
  3 frilled lizards
  A jackal skeleton (D:5)
  6 kobolds
  A leopard gecko skeleton (D:7)
  A leopard gecko zombie (D:8)
  A quokka skeleton (D:5)
  2 rats (D:3)
196 creatures vanquished.

Notes
Turn   | Place    | Note
-------+----------+-------------------------------------------
     0 | D:1      | Aelig the Kobold Conjurer began the quest for the Orb.
     0 | D:1      | Reached XP level 1. HP: 10/10 MP: 3/3
   319 | D:1      | Found a shattered altar of Ashenzari.
   409 | D:1      | Reached XP level 2. HP: 15/15 MP: 0/5
   944 | D:1      | Became a worshipper of Ashenzari the Shackled
  1049 | D:2      | Learned a level 2 spell: Searing Ray
  1090 | D:2      | Reached XP level 3. HP: 16/19 MP: 3/6
  1220 | D:2      | Reached skill level 5 in Conjurations
  1422 | D:2      | Reached XP level 4. HP: 23/24 MP: 4/7
  1623 | D:2      | Noticed Terence
  1628 | D:2      | Killed Terence
  1728 | D:2      | Found a hazy altar of Hepliaklqana.
  1837 | D:2      | Found an opulent altar of Gozag.
  1987 | D:3      | Noticed Grinder
  1995 | D:3      | Paralysed by Grinder for 3 turns
  2002 | D:3      | Killed Grinder
  2002 | D:3      | Reached skill level 7 in Conjurations
  2002 | D:3      | Reached XP level 5. HP: 14/28 MP: 0/8
  2002 | D:3      | Reached XP level 6. HP: 16/32 MP: 0/9
  2443 | D:3      | Found a shimmering altar of Xom.
  3099 | D:4      | Noticed an ogre
  3214 | D:4      | Reached XP level 7. HP: 36/36 MP: 1/10
  3503 | D:4      | Reached * piety under Ashenzari
  3567 | D:4      | Found a staircase to the Ecumenical Temple.
  4096 | D:4      | Reached skill level 8 in Conjurations
  4152 | D:4      | Learned a level 3 spell: Dazzling Spray
  4484 | D:5      | Entered Level 5 of the Dungeon
  4612 | D:5      | Reached skill level 1 in Hexes
  4958 | D:5      | Noticed Sigmund
  5221 | D:5      | Found a shimmering blue altar of Sif Muna.
  5490 | D:5      | Reached skill level 5 in Stealth
  5490 | D:5      | Reached XP level 8. HP: 41/41 MP: 11/11
  5545 | D:5      | Killed Sigmund
  5646 | D:6      | Found Vipot's Armour Shop.
  5657 | D:6      | Bought a +2 pair of gloves for 165 gold pieces
  5736 | D:6      | Reached skill level 9 in Conjurations
  6139 | D:6      | Reached XP level 9. HP: 43/45 MP: 11/12
  6195 | D:6      | Reached skill level 10 in Conjurations
  6333 | D:6      | Found a burning altar of Makhleb.
  6338 | D:6      | Found a glowing silver altar of Zin.
  6338 | D:6      | Noticed an angel
  6338 | D:6      | Noticed a cacodemon
  6760 | D:7      | Reached ** piety under Ashenzari
  6789 | D:6      | Reached skill level 11 in Conjurations
  7399 | D:8      | Found an iron altar of Okawaru.
  7400 | D:8      | Identified the cursed +1 ring mail of the Undertaker {-Cast
                  | rC+ Dex+2} (You found it on level 1 of the Dungeon)
  7446 | D:6      | Bought a +0 pair of boots for 45 gold pieces
  7608 | D:8      | Noticed Harold
  7682 | D:8      | Noticed Maurice
  8040 | D:8      | Reached skill level 12 in Conjurations
  8046 | D:8      | Learned a level 4 spell: Airstrike
  8165 | D:7      | Reached skill level 1 in Air Magic
  8265 | D:8      | Reached XP level 10. HP: 50/50 MP: 13/13
  8482 | D:8      | Reached skill level 5 in Air Magic
  8644 | D:8      | Found an ancient bone altar of Kikubaaqudgha.
  8644 | D:8      | Found a hide-covered altar of Uskayaw.
  8644 | D:8      | Found a bloodstained altar of Trog.
  8644 | D:8      | Found a shattered altar of Ashenzari.
  8707 | D:9      | Noticed a two-headed ogre
  8977 | D:10     | Entered Level 10 of the Dungeon
  9597 | D:9      | Found a staircase to the Orcish Mines.
  9970 | D:9      | Reached *** piety under Ashenzari
 10193 | D:10     | Noticed an orange demon
 10196 | D:10     | Noticed an orange demon
 10196 | D:10     | Noticed an orange demon
 10196 | D:10     | Noticed an orange demon
 10197 | D:10     | Noticed an orange demon
 10235 | D:10     | Killed an orange demon
 10341 | D:10     | Killed an orange demon
 10341 | D:10     | Reached XP level 11. HP: 35/54 MP: 14/14
 10461 | D:10     | Slain by a troll

Levels and vault maps discovered:
D:1:      dpeg_arrival_chambers_temple_mockup, layout_loops_ring,
          minmay_misc_feat_rows, hangedman_decor_push, minivault_5,
          nicolae_ashenzari_panopticon
D:2:      layout_rooms, lemuel_coloured_pillars_altar, grunt_gozag_statues,
          uniq_terence
D:3:      layout_basic, xom_teletrap_fun, uniq_grinder
D:4:      layout_basic, minmay_temple_entry_tees
D:5:      layout_loops_cross, nicolae_overflow_crystal_walls, first_ration,
          serial_shops, shop_statue, uniq_sigmund
D:6:      layout_basic, grunt_temple_overflow_order_and_chaos_2, serial_shops,
          shop, minmay_checkerbox
D:7:      layout_rooms, sword_in_stone
D:8:      layout_gridville, nicolae_overflow_hidden_temple, erik_lair_dragon,
          hangedman_ranch [blue_anna_fruit_fields], uniq_maurice, uniq_harold
D:9:      layout_big_octagon, orc_0_dummy, serial_gnoll_camp,
          gnoll_camp_mini_loothouse, gnoll_camp_medium_01,
          gnoll_camp_mini_sergeant, gnoll_camp_mini_doghouse
D:10:     layout_basic, enter_bailey_1, serial_shops, shop, serial_rivers,
          chequers_serial_rivers_small_b, chequers_serial_rivers_micro_d,
          chequers_serial_rivers_large_a, chequers_serial_rivers_micro_d,
          chequers_serial_rivers_micro_e, chequers_serial_rivers_micro_b,
          minmay_beelzebubs_servants, uniq_nergalle, uniq_urug

Skill      XL: |  1  2  3  4  5  6  7  8  9 10 |
---------------+-------------------------------+-----
Conjurations   | 5 7 8 9 12 | 12.0
Stealth        | 3 5 |  5.4
Hexes          | 1 4 |  4.0
Air Magic      | 2 9 |  9.1
Dodging        | |  2.4
Spellcasting   | |  2.1

Action                   |  1- 3 |  4- 6 |  7- 9 | 10-12 || total
-------------------------+-------+-------+-------+-------++-------
Melee: Dagger            |    27 |    49 |    46 |       ||   122
       Falchion          |       |       |    14 |    27 ||    41
 Cast: Magic Dart        |    31 |    34 |   158 |   104 ||   327
       Searing Ray       |     4 |     9 |    55 |    44 ||   112
Invok: Curse Item        |       |       |     3 |       ||     3
  Use: Scroll            |       |     4 |     4 |     7 ||    15
       Potion            |       |     3 |     2 |     3 ||     8
 Stab: Sleeping          |       |     2 |       |       ||     2
  Eat: Chunk             |    10 |     7 |    20 |     9 ||    46
Armor: Robe              |    13 |     7 |    35 |    29 ||    84
Dodge: Dodged            |    40 |    49 |   153 |   120 ||   362
       Rpst.: Falchion   |       |       |    13 |    43 ||    56
